 Dungeon Crawl Stone Soup version 0.27.1-33-g824d729ab1 (webtiles) character file.

Game seed: 4886699471246074842

343 ces the Conjurer (level 6, -9/51 HPs)
             Began as a Gnoll Wanderer on Dec 9, 2021.
             Splashed by a jelly's acid (10 damage)
             ... on level 4 of the Dungeon.
             The game lasted 00:08:51 (3829 turns).

ces the Conjurer (Gnoll Wanderer)                   Turns: 3829, Time: 00:08:53

Health: -9/51      AC: -3    Str: 14    XL:     6   Next: 57%
Magic:  9/9        EV: 13    Int: 14    God:
Gold:   192        SH:  0    Dex:  8    Spells: 8/9 levels left

rFire    . . .     SeeInvis .   a - +0 spear
rCold    + + .     Faith    .   (no shield)
rNeg     + . .     Spirit   .   b - +2 scale mail
rPois    .         Reflect  .   (no helmet)
rElec    .         Harm     .   f - scarf {+Inv}
rCorr    .         Rampage  .   (no gloves)
Will     .....     NoCast   +   (no boots)
Stlth    +.........             s - amulet "Miym" {-Cast rC++ rN+ Regen+ Stlth+}
HPRegen  1.17/turn              j - +4 ring of slaying
MPRegen  0.11/turn              l - +4 ring of evasion

@: corroded
A: fangs 1, strong nose, distributed training
a: Evoke Invisibility


You were on level 4 of the Dungeon.
You visited 1 branch of the dungeon, and saw 4 of its levels.

You collected 192 gold pieces.

Inventory:

Hand Weapons
 a - a +0 spear (weapon)
Missiles
 d - 22 bolts
Armour
 b - a +2 scale mail (worn)
 f - a scarf of invisibility (worn)
Jewellery
 j - a +4 ring of slaying (left hand)
 l - a +4 ring of evasion (right hand)
 s - the amulet "Miym" (around neck) {-Cast rC++ rN+ Regen+ Stlth+}
   (You acquired it on level 3 of the Dungeon)

   [amulet of regeneration]

   rC:        It greatly protects you from cold.
   rN:        It protects you from negative energy.
   -Cast:     It prevents spellcasting.
   Regen:     It increases your rate of health regeneration.
   Stlth:     It makes you more stealthy.
Scrolls
 g - a scroll of magic mapping {unknown}
 h - a scroll of identify {unknown}
 k - a scroll of fog
 p - a scroll of immolation {unknown}
 t - 2 scrolls of teleportation
 u - a scroll of vulnerability {unknown}
 v - a scroll of torment {unknown}
 w - a scroll of enchant armour {unknown}
Potions
 c - 2 potions of flight {unknown}
 e - 2 potions of curing {unknown}
 i - a potion of brilliance {unknown}
 m - a potion of mutation {unknown}
 n - a potion of attraction {unknown}
 o - a potion of might {unknown}
 q - 2 potions of haste {unknown}
 r - a potion of invisibility {unknown}


   Skills:
 + Level 5.0 Fighting
 + Level 2.0 Short Blades
 + Level 2.0 Long Blades
 + Level 2.0 Axes
 + Level 2.0 Maces & Flails
 + Level 2.0 Polearms
 + Level 2.0 Staves
 + Level 2.0 Slings
 + Level 2.0 Bows
 + Level 2.0 Crossbows
 + Level 2.0 Throwing
 + Level 3.3 Armour
 + Level 2.0 Dodging
 + Level 2.0 Stealth
 + Level 2.0 Shields
 + Level 2.0 Unarmed Combat
 + Level 2.0 Spellcasting
 + Level 7.3 Conjurations
 + Level 1.6 Hexes
 + Level 1.6 Summonings
 + Level 1.6 Necromancy
 + Level 1.6 Translocations
 + Level 1.6 Transmutations
 + Level 2.6 Fire Magic
 + Level 1.6 Ice Magic
 + Level 1.6 Air Magic
 + Level 1.6 Earth Magic
 + Level 1.6 Poison Magic
 + Level 2.2 Invocations
 + Level 5.0 Evocations


You had 8 spell levels left.
You knew the following spells:

 Your Spells              Type           Power      Damage    Failure   Level
a - Beastly Appendage     Tmut           10%        N/A       45%         1

Your spell library contained the following spells:

 Spells                   Type           Power      Damage    Failure   Level
 Shock                    Conj/Air       52%        1d6       16%         1
 Wereblood                Tmut           5%         N/A       58%         2
 Ignite Poison            Fire/Tmut/Pois 6%         N/A       78%         3
 Spider Form              Tmut/Pois      2%         N/A       83%         3
 Swiftness                Air            5%         N/A       83%         3
 Tukima's Dance           Hex            5%         N/A       83%         3
 Airstrike                Air            2%         N/A       99%         4
 Passage of Golubria      Tloc           N/A        N/A       99%         4
 Yara's Violent Unravell  Hex/Tmut       2%         3d3       100%        5


Dungeon Overview and Level Annotations

Branches:
Dungeon (4/15)
 Temple: D:4-7

Altars:
Vehumet


Innate Abilities, Weirdness & Mutations

You have very sharp teeth.
Your uncanny sense of smell can sniff out nearby items.
Your experience applies equally to all skills.


Message History

The jelly is severely wounded.
The jelly jiggles.
The jelly hits you but does no damage.
You hit the jelly but do no damage. The acid corrodes you!
Your hands burn!
You bite the jelly, but do no damage.
The jelly is severely wounded.
The jelly hits you but does no damage.
You hit the jelly but do no damage.
Your hands burn!
The jelly is severely wounded.
The jelly barely misses you.
You hit the jelly but do no damage.
Your hands burn!
The jelly is severely wounded.
The jelly closely misses you.
You hit the jelly. The acid corrodes you!
Your hands burn!
The jelly is severely wounded.
The jelly hits you. The acid corrodes you!
You are splashed with acid!
You are too injured to fight recklessly!
You hit the jelly but do no damage.
Your hands burn!
The jelly is severely wounded.
The jelly misses you.
You hit the jelly.
Your hands burn!
The jelly is almost dead.
The jelly barely misses you.
You hit the jelly.
Your hands burn!
The jelly is almost dead.
The jelly misses you.
You hit the jelly but do no damage.
Your hands burn!
The jelly is almost dead.
The jelly closely misses you.
You barely miss the jelly.
The jelly is almost dead.
The jelly hits you.
You are splashed with acid!
* * * LOW HITPOINT WARNING * * *
You hit the jelly but do no damage.
Your hands burn!
* * * LOW HITPOINT WARNING * * *
The jelly is almost dead.
The jelly hits you.
* * * LOW HITPOINT WARNING * * *
You are splashed with acid!
You die...

## #..# #..# #......
#..# #..# ##......
######..# ##.###.......
........# #............
.....####..#..........
.....#...###.........
#......# #.........
##J).## #...###...
..##..@#######...# ##..
..................####.)
#.............##....#...
#....####..######.......
#...# #..# ##...... #...
##.## ##..... ...
#..#######..... ..
##.........#...
#........##...


You could see a jelly.

Vanquished Creatures
  A water moccasin (D:4)
  A phantom (D:4)
  A water moccasin skeleton (D:4)
  An orc priest (D:3)
  An adder (D:4)
  An ufetubus (D:4)
  An adder skeleton (D:4)
  A dart slug (D:3)
  10 orcs
  4 ball pythons
  2 bats
  8 endoplasms
  6 giant cockroaches
  4 goblins
  2 hobgoblins
  3 quokkas
  3 frilled lizards
  3 kobolds
  3 rats
56 creatures vanquished.

Notes
Turn   | Place    | Note
-------+----------+-------------------------------------------
     0 | D:1      | ces the Gnoll Wanderer began the quest for the Orb.
     0 | D:1      | ces set off with the following items: a +0 spear, a +2
                  | scale mail; and the following spell memorised: Beastly
                  | Appendage; and the following spells available to memorise:
                  | Ignite Poison
     0 | D:1      | Reached XP level 1. HP: 20/20 MP: 1/1
   110 | D:1      | Found a faded altar of an unknown god.
   609 | D:1      | Reached XP level 2. HP: 25/26 MP: 2/2
  1591 | D:2      | Found a radiant altar of Vehumet.
  2136 | D:3      | Noticed an ice beast
  2169 | D:3      | Reached XP level 3. HP: 26/31 MP: 3/3
  2302 | D:3      | Noticed a water moccasin
  2626 | D:3      | Identified 2 scrolls of acquirement
  2626 | D:3      | Acquired the amulet "Miym" {-Cast rC++ rN+ Regen+ Stlth+}
  2635 | D:3      | Acquired a scarf of invisibility
  2821 | D:3      | Reached skill level 1 in Invocations
  2864 | D:3      | Reached skill level 1 in Short Blades
  2864 | D:3      | Reached skill level 1 in Long Blades
  2864 | D:3      | Reached skill level 1 in Axes
  2864 | D:3      | Reached skill level 1 in Maces & Flails
  2864 | D:3      | Reached skill level 1 in Polearms
  2864 | D:3      | Reached skill level 1 in Staves
  2864 | D:3      | Reached skill level 1 in Slings
  2864 | D:3      | Reached skill level 1 in Bows
  2864 | D:3      | Reached skill level 1 in Crossbows
  2864 | D:3      | Reached skill level 1 in Throwing
  2864 | D:3      | Reached skill level 1 in Dodging
  2864 | D:3      | Reached skill level 1 in Stealth
  2864 | D:3      | Reached skill level 1 in Shields
  2864 | D:3      | Reached skill level 1 in Unarmed Combat
  2864 | D:3      | Reached skill level 1 in Spellcasting
  2864 | D:3      | Reached XP level 4. HP: 25/38 MP: 5/5
  3286 | D:4      | Reached skill level 1 in Hexes
  3286 | D:4      | Reached skill level 1 in Summonings
  3286 | D:4      | Reached skill level 1 in Necromancy
  3286 | D:4      | Reached skill level 1 in Translocations
  3286 | D:4      | Reached skill level 1 in Transmutations
  3286 | D:4      | Reached skill level 1 in Ice Magic
  3286 | D:4      | Reached skill level 1 in Air Magic
  3286 | D:4      | Reached skill level 1 in Earth Magic
  3286 | D:4      | Reached skill level 1 in Poison Magic
  3286 | D:4      | Reached XP level 5. HP: 43/43 MP: 5/7
  3513 | D:4      | Killed a water moccasin
  3514 | D:4      | Reached XP level 6. HP: 19/50 MP: 8/8
  3726 | D:4      | Reached skill level 5 in Fighting
  3726 | D:4      | Reached skill level 5 in Evocations
  3829 | D:4      | HP: 1/51 [jelly (3)]
  3829 | D:4      | Splashed by a jelly's acid

Illustrated notes

Levels and vault maps discovered:
D:1:      heliophobic_arrival_ceremonial_halls, layout_basic,
          shapermc_ecumenical_altar_notcrosses, minmay_pentomino_p4
D:2:      layout_loops_corners, basic_altar
D:3:      layout_basic, minmay_misc_feat_columns, kennysheep_cross_bottleneck
D:4:      layout_layer_cave, tgw_xom

Skill      XL: |  1  2  3  4  5  6 |
---------------+-------------------+-----
Fire Magic     | 2 |  2.6
Invocations    | 1 2 |  2.2
Short Blades   | 1 2 |  2.0
Long Blades    | 1 2 |  2.0
Axes           | 1 2 |  2.0
Maces & Flails | 1 2 |  2.0
Polearms       | 1 2 |  2.0
Staves         | 1 2 |  2.0
Slings         | 1 2 |  2.0
Bows           | 1 2 |  2.0
Crossbows      | 1 2 |  2.0
Throwing       | 1 2 |  2.0
Dodging        | 1 2 |  2.0
Stealth        | 1 2 |  2.0
Shields        | 1 2 |  2.0
Unarmed Combat | 1 2 |  2.0
Spellcasting   | 1 2 |  2.0
Hexes          | 1 |  1.6
Summonings     | 1 |  1.6
Necromancy     | 1 |  1.6
Translocations | 1 |  1.6
Transmutations | 1 |  1.6
Ice Magic      | 1 |  1.6
Air Magic      | 1 |  1.6
Earth Magic    | 1 |  1.6
Poison Magic   | 1 |  1.6
Armour         | 3 |  3.3
Fighting       | 5 |  5.0
Evocations     | 5 |  5.0
Conjurations   | |  7.3

Action                   |  1- 3 |  4- 6 || total
-------------------------+-------+-------++-------
Melee: Spear             |   163 |   107 ||   270
       Bite              |     8 |     9 ||    17
       Punch             |     1 |       ||     1
 Abil: Evoke Invisibilit |       |     1 ||     1
  Use: Scroll            |     5 |       ||     5
 Stab: Sleeping          |     1 |       ||     1
       Invisible         |       |     2 ||     2
Armor: Scale mail        |    83 |    28 ||   111
Dodge: Dodged            |    49 |    90 ||   139
